Gangsters vs Senators

Created - April 5, 2018 at 19:46

Goals
1 2 3 T
Gangsters 1 2 4 7
Senators 2 1 0 3
Shots
1 2 3 T
Gangsters 12 12 14 38
Senators 16 9 9 34

1st period

1. Senators , Chris Thorburn 48 (Stephane Da Costa 56, Arturs Kulda 6) at 12:12
2. Gangsters , Dave Dziurzynski 24 (Devante Smith-Pelly 31) at 14:03
3. Senators , Tommy Wingels 17 (Jeff Petry 18, Patrick Bordeleau 16) at 15:36 (PP)

Penalties :
Tommy Wingels (BIN) for Roughing (Minor) at 0:44, Dylan Blujus (BIN) for Interference (Minor) at 6:33, Bryan Young (Bro) for Holding (Minor) at 14:35, Chris Thorburn (BIN) for Roughing (Minor) at 0:00

2nd period

4. Gangsters , Maxime Sauvé 20 (Michael Sdao 10, Chris Bourque 65) at 6:29 (PP)
5. Senators , Stephane Da Costa 51 (Gabriel Bourque 49) at 6:37
6. Gangsters , Maxime Sauvé 21 (Chris Bourque 66, Bryan Young 19) at 19:16

Penalties :
Ian Cole (BIN) for Slashing (Minor) at 6:15, Brett Ponich (Bro) for Holding (Minor) at 7:48, Shane Prince (BIN) for Interference (Minor) at 13:06, Logan Stephenson (BIN) for Holding (Minor) at 19:39

3rd period

7. Gangsters , Tomas Hertl 25 (Bryan Young 20) at 3:33
8. Gangsters , Seth Griffith 14 (Morgan Ellis 11, Dave Dziurzynski 18) at 10:02
9. Gangsters , Tomas Hertl 26 (Magnus Paajarvi-Svensson 35) at 13:01
10. Gangsters , Richard Panik 24 (Chris Bourque 67, Bryan Young 21) at 13:21 (PP)

Penalties :
Stephane Da Costa (BIN) for Interference (Minor) at 4:36, Arturs Kulda (BIN) for Roughing (Minor) at 13:06

Goalie Stats

Dustin Tokarski (Bro), 31 saves from 34 shots - (0.912), W, 24-20-2, 60:00 minutes
Brad Thiessen (BIN), 31 saves from 38 shots - (0.816), L, 32-19-3, 60:00 minutes

Players Stats for Gangsters

Player Name              G  A  P  +/- PIM S  H  SB GA TA FO     MP     PP MP  PK MP  
------------------------------------------------------------------------------------
Austen Brassard          0  0  0   0  0   0  0  0  0  0  0/0     1:34   0:22   0:00 
Brendan Woods            0  0  0  -1  0   3  0  1  0  1  0/0     7:53   0:00   0:00 
Brett Ponich             0  0  0   1  2   2  0  3  0  0  0/0    17:27   4:39   0:26 
Bryan Young              0  3  3   0  2   0  0  1  1  0  0/0    26:48   7:45   0:51 
Chris Bourque            0  3  3   0  0   3  3  2  3  0  1/4    24:11   7:02   1:59 
Dave Dziurzynski         1  1  2   2  0   7  1  1  0  1  0/0     9:44   0:00   0:32 
Derrick Pouliot          0  0  0   0  0   0  1  0  0  0  0/0     6:01   0:00   0:25 
Devante Smith-Pelly      0  1  1   2  0   1  2  1  0  0  0/0    15:45   5:08   0:00 
Jonas Brodin             0  0  0   2  0   0  0  0  0  0  0/0    10:14   0:00   1:18 
Kevin Roy                0  0  0  -1  0   0  0  0  1  0  1/3     7:53   0:00   0:00 
Magnus Paajarvi-Svensson 0  1  1   2  0   4  0  0  1  0  0/0    16:38   5:08   0:21 
Matt Delahey             0  0  0   0  0   2  1  1  1  0  0/0    27:24   7:45   1:26 
Maxime Sauvé             2  0  2   0  0   7  2  1  0  0  16/37  24:01   6:54   1:57 
Michael Sdao             0  1  1   1  0   0  1  2  0  0  0/0    19:02   4:39   1:34 
Morgan Ellis             0  1  1   2  0   1  0  0  0  1  0/0     8:56   0:00   0:00 
Phillip Danault          0  0  0   0  0   0  0  0  0  0  1/1     1:34   0:22   0:00 
Richard Panik            1  0  1   0  0   3  1  1  0  0  0/0    22:29   6:54   0:25 
Ryan Culkin              0  0  0   0  0   0  0  0  0  0  0/0     4:38   0:00   0:00 
Sebastian Collberg       0  0  0  -1  0   0  0  0  0  0  0/0     7:53   0:00   0:00 
Seth Griffith            1  0  1   2  0   1  0  0  1  0  2/8     9:12   0:00   0:00 
Stefan Noesen            0  0  0   2  0   1  0  0  0  0  0/0    10:38   0:14   0:00 
Tomas Hertl              2  0  2   2  0   3  0  1  0  0  7/15   17:03   5:08   0:46 

Players Stats for Senators

Player Name              G  A  P  +/- PIM S  H  SB GA TA FO     MP     PP MP  PK MP  
------------------------------------------------------------------------------------
Arturs Kulda             0  1  1  -3  2   0  1  1  1  0  0/0    27:58   1:46   7:00 
Chandler Stephenson      0  0  0   0  0   0  0  0  0  0  0/0     0:31   0:10   0:14 
Chris Thorburn           1  0  1   1  2   1  1  1  0  1  0/2    19:25   1:23   2:45 
Dylan Blujus             0  0  0   0  2   2  0  3  0  1  0/0    12:15   0:00   1:05 
Freddie Hamilton         0  0  0   0  0   0  0  0  0  0  0/0     0:17   0:10   0:00 
Gabriel Bourque          0  1  1   1  0   1  2  1  0  2  1/1    23:14   1:23   6:48 
Ian Cole                 0  0  0  -3  2   4  0  0  0  2  0/0    24:47   1:46   7:01 
Jarrod Maidens           0  0  0   0  0   0  0  0  0  0  0/1     3:39   0:00   3:16 
Jeff Petry               0  1  1   0  0   1  1  0  0  1  0/0    20:38   1:14   5:09 
Keegan Lowe              0  0  0   0  0   0  0  1  0  0  0/0     3:18   0:00   0:06 
Logan Stephenson         0  0  0   0  2   1  4  1  2  0  0/0    20:18   1:14   4:27 
Marc-André Bernier       0  0  0  -1  0   1  1  0  0  0  0/0     8:50   0:00   0:00 
Matt Frattin             0  0  0  -3  0   5  1  1  0  0  0/0    13:48   1:27   0:00 
Olli Maatta              0  0  0   0  0   2  1  0  0  0  0/0    11:08   0:00   0:00 
Patrick Bordeleau        0  1  1  -3  0   2  1  0  0  0  0/1    13:48   1:27   0:00 
Phil Di Giuseppe         0  0  0   0  0   0  1  0  0  0  0/0     7:34   0:00   0:00 
Ryan Dzingel             0  0  0  -1  0   3  1  0  0  0  0/0    10:41   0:00   1:51 
Shane Prince             0  0  0  -1  2   0  1  0  0  0  2/3     8:50   0:00   0:00 
Stephane Da Costa        1  1  2   1  2   6  1  1  0  0  21/36  23:15   1:33   5:53 
Tomas Jurco              0  0  0   0  0   2  0  1  0  0  0/0     7:34   0:00   0:00 
Tommy Wingels            1  0  1  -3  2   3  1  0  0  1  12/18  16:40   1:27   2:35 
Zemgus Girgensons        0  0  0   0  0   0  1  0  0  0  4/6     9:01   0:00   1:26 

3 Stars

1 - Tomas Hertl (Bro)
2 - Maxime Sauvé (Bro)
3 - Dave Dziurzynski (Bro)

Power Play

Gangsters - 2 on 8 Attempt(s) - 25.00%
Senators - 1 on 2 Attempt(s) - 50.00%

Penalty Kill

Gangsters - 1 on 2 Attempt(s) - 50.00% - Score 0 goal in Penalty Kill
Senators - 6 on 8 Attempt(s) - 75.00% - Score 0 goal in Penalty Kill

Team Stat

Gangsters - Hits : 12 - Faceoff Wins : 28 - Blocked Shots : 15 - Penalty Minutes : 4
Senators - Hits : 19 - Faceoff Wins : 40 - Blocked Shots : 11 - Penalty Minutes : 16

Official

Referees : Martell Rob and VanMassenhoven Don
Linesman : Lyle Seitz and David Brisebois

Game Notes

No Game Note

Finance

Level 1 -- Attendance: 1516 (75.80%) -- Ticket Income $50,028
Level 2 -- Attendance: 670 (67.00%) -- Ticket Income $10,050
Total Attendance: 2186 (72.87%)
Total Ticket Income: $60,078
Other Income: $3,004
Total Income: $63,082

Gangsters

5 vs 5 Forward 
   Center                   Left Wing                Right Wing               Time % Phy DF OF 
 1 Maxime Sauvé             Chris Bourque            Richard Panik            40     1   2  2  
 2 Tomas Hertl              Magnus Paajarvi-Svensson Devante Smith-Pelly      30     1   2  2  
 3 Seth Griffith            Dave Dziurzynski         Stefan Noesen            20     1   2  2  
 4 Kevin Roy                Brendan Woods            Sebastian Collberg       10     1   2  2  

5 vs 5 Defense 
   Defense                  Defense                                           Time % Phy DF OF 
 1 Bryan Young              Matt Delahey                                      40     1   2  2  
 2 Michael Sdao             Brett Ponich                                      30     1   2  2  
 3 Morgan Ellis             Jonas Brodin                                      20     1   2  2  
 4 Derrick Pouliot          Ryan Culkin                                       10     1   2  2  

PowerPlay Forward 
   Center                   Left Wing                Right Wing               Time % Phy DF OF 
 1 Maxime Sauvé             Chris Bourque            Richard Panik            60     1   2  2  
 2 Tomas Hertl              Magnus Paajarvi-Svensson Devante Smith-Pelly      40     1   2  2  

PowerPlay Defense
   Defense                  Defense                                           Time % Phy DF OF 
 1 Bryan Young              Matt Delahey                                      60     1   2  2  
 2 Michael Sdao             Brett Ponich                                      40     1   2  2  

Penalty Kill 4 Players Forward 
   Center                   Wing                     Time % Phy DF OF 
 1 Chris Bourque            Maxime Sauvé             60     1   2  2  
 2 Richard Panik            Tomas Hertl              40     1   2  2  

Penalty Kill 4 Players Defense
   Defense                  Defense                  Time % Phy DF OF 
 1 Bryan Young              Matt Delahey             60     1   2  2  
 2 Michael Sdao             Brett Ponich             40     1   2  2  

Penalty Kill - 3 Players Forward 
   Forward                                           Time % Phy DF OF 
 1 Chris Bourque                                     60     1   2  2  
 2 Maxime Sauvé                                      40     1   2  2  

Penalty Kill - 3 Players Defense
   Defense                  Defense                  Time % Phy DF OF 
 1 Bryan Young              Matt Delahey             60     1   2  2  
 2 Michael Sdao             Brett Ponich             40     1   2  2  

4 vs 4 Forward 
   Center                   Wing                     Time % Phy DF OF 
 1 Chris Bourque            Maxime Sauvé             60     1   2  2  
 2 Richard Panik            Tomas Hertl              40     1   2  2  

4 vs 4 Defense
   Defense                  Defense                  Time % Phy DF OF 
 1 Bryan Young              Matt Delahey             60     1   2  2  
 2 Michael Sdao             Brett Ponich             40     1   2  2  

Last Minutes Offensive
   Center                   Left Wing                Right Wing               Defense                  Defense                  
   Maxime Sauvé             Chris Bourque            Richard Panik            Bryan Young              Matt Delahey             

Last Minutes Defensive
   Center                   Left Wing                Right Wing               Defense                  Defense                  
   Maxime Sauvé             Chris Bourque            Richard Panik            Bryan Young              Matt Delahey             

Goaltenders
Starting : Dustin Tokarski          
Backup : Mike Condon              

Extra Forwards
Normal : Phillip Danault, Austen Brassard, Dave Dziurzynski - PP : Phillip Danault, Austen Brassard - PK : Dave Dziurzynski
Extra Defensemen
Normal : Morgan Ellis, Jonas Brodin, Derrick Pouliot - PP : Morgan Ellis - PK : Jonas Brodin, Derrick Pouliot
Penalty Shots
Chris Bourque, Maxime Sauvé, Richard Panik, Tomas Hertl, Magnus Paajarvi-Svensson

Scratches
Gustav Nyquist (Torn Left Knee Ligaments Injury), Jordan Binnington (Healthy)

Senators

5 vs 5 Forward 
   Center                   Left Wing                Right Wing               Time % Phy DF OF 
 1 Stephane Da Costa        Gabriel Bourque          Chris Thorburn           40     1   2  2  
 2 Tommy Wingels            Patrick Bordeleau        Matt Frattin             30     1   2  2  
 3 Shane Prince             Ryan Dzingel             Marc-André Bernier       20     1   2  2  
 4 Zemgus Girgensons        Phil Di Giuseppe         Tomas Jurco              10     1   2  2  

5 vs 5 Defense 
   Defense                  Defense                                           Time % Phy DF OF 
 1 Arturs Kulda             Ian Cole                                          40     1   2  2  
 2 Logan Stephenson         Jeff Petry                                        30     1   2  2  
 3 Olli Maatta              Dylan Blujus                                      20     1   2  2  
 4 Keegan Lowe              Arturs Kulda                                      10     1   2  2  

PowerPlay Forward 
   Center                   Left Wing                Right Wing               Time % Phy DF OF 
 1 Stephane Da Costa        Gabriel Bourque          Chris Thorburn           60     1   2  2  
 2 Tommy Wingels            Patrick Bordeleau        Matt Frattin             40     1   2  2  

PowerPlay Defense
   Defense                  Defense                                           Time % Phy DF OF 
 1 Arturs Kulda             Ian Cole                                          60     1   2  2  
 2 Logan Stephenson         Jeff Petry                                        40     1   2  2  

Penalty Kill 4 Players Forward 
   Center                   Wing                     Time % Phy DF OF 
 1 Stephane Da Costa        Gabriel Bourque          60     1   2  2  
 2 Chris Thorburn           Tommy Wingels            40     1   2  2  

Penalty Kill 4 Players Defense
   Defense                  Defense                  Time % Phy DF OF 
 1 Arturs Kulda             Ian Cole                 60     1   2  2  
 2 Logan Stephenson         Jeff Petry               40     1   2  2  

Penalty Kill - 3 Players Forward 
   Forward                                           Time % Phy DF OF 
 1 Stephane Da Costa                                 60     1   2  2  
 2 Gabriel Bourque                                   40     1   2  2  

Penalty Kill - 3 Players Defense
   Defense                  Defense                  Time % Phy DF OF 
 1 Arturs Kulda             Ian Cole                 60     1   2  2  
 2 Logan Stephenson         Jeff Petry               40     1   2  2  

4 vs 4 Forward 
   Center                   Wing                     Time % Phy DF OF 
 1 Stephane Da Costa        Gabriel Bourque          60     1   2  2  
 2 Chris Thorburn           Tommy Wingels            40     1   2  2  

4 vs 4 Defense
   Defense                  Defense                  Time % Phy DF OF 
 1 Arturs Kulda             Ian Cole                 60     1   2  2  
 2 Logan Stephenson         Jeff Petry               40     1   2  2  

Last Minutes Offensive
   Center                   Left Wing                Right Wing               Defense                  Defense                  
   Stephane Da Costa        Gabriel Bourque          Chris Thorburn           Arturs Kulda             Ian Cole                 

Last Minutes Defensive
   Center                   Left Wing                Right Wing               Defense                  Defense                  
   Stephane Da Costa        Gabriel Bourque          Chris Thorburn           Arturs Kulda             Ian Cole                 

Goaltenders
Starting : Brad Thiessen            
Backup : Ben Bishop               

Extra Forwards
Normal : Freddie Hamilton, Chandler Stephenson, Jarrod Maidens - PP : Freddie Hamilton, Chandler Stephenson - PK : Jarrod Maidens
Extra Defensemen
Normal : Olli Maatta, Dylan Blujus, Keegan Lowe - PP : Olli Maatta - PK : Dylan Blujus, Keegan Lowe
Penalty Shots
Stephane Da Costa, Gabriel Bourque, Chris Thorburn, Tommy Wingels, Matt Frattin

Scratches
Shane Sims (Sprained Right Ankle Injury), Matt Murray (Healthy), Matt Tomkins (Healthy)

% Time on Ice - Gangsters

Lines # - Real PCT - Wanted PCT - Time Play
Normal Forward
1 - 37% - 40% - 16:21
2 - 25% - 30% - 11:10
3 - 21% - 20% - 9:12
4 - 18% - 10% - 7:53
Normal Defense
1 - 41% - 40% - 18:13
2 - 29% - 30% - 12:49
3 - 20% - 20% - 8:56
4 - 10% - 10% - 4:38
PP Forward
1 - 58% - 60% - 7:09
2 - 42% - 40% - 5:15
PP Defense
1 - 63% - 60% - 7:45
2 - 38% - 40% - 4:39
PK Forward
1 - 86% - 60% - 2:35
2 - 14% - 40% - 0:25
PK Defense
1 - 48% - 60% - 1:26
2 - 52% - 40% - 1:34
PK3 Forward
1 - 0% - 60%
2 - 0% - 40%
PK3 Defense
1 - 0% - 60%
2 - 0% - 40%
44 Forward
1 - 0% - 60%
2 - 0% - 40%
44 Defense
1 - 0% - 60%
2 - 0% - 40%
Last Minute Offensive  - 0:00
Last Minute Defensive  - 0:00
Total
Forward - 60:00
Defense - 60:00

% Time on Ice - Senators

Lines # - Real PCT - Wanted PCT - Time Play
Normal Forward
1 - 35% - 40% - 15:33
2 - 28% - 30% - 12:39
3 - 20% - 20% - 8:50
4 - 17% - 10% - 7:34
Normal Defense
1 - 36% - 40% - 16:01
2 - 32% - 30% - 14:15
3 - 25% - 20% - 11:08
4 - 7% - 10% - 3:12
PP Forward
1 - 52% - 60% - 1:33
2 - 48% - 40% - 1:27
PP Defense
1 - 59% - 60% - 1:46
2 - 41% - 40% - 1:14
PK Forward
1 - 72% - 60% - 8:58
2 - 28% - 40% - 3:26
PK Defense
1 - 58% - 60% - 7:15
2 - 42% - 40% - 5:09
PK3 Forward
1 - 0% - 60%
2 - 0% - 40%
PK3 Defense
1 - 0% - 60%
2 - 0% - 40%
44 Forward
1 - 0% - 60%
2 - 0% - 40%
44 Defense
1 - 0% - 60%
2 - 0% - 40%
Last Minute Offensive  - 0:00
Last Minute Defensive  - 0:00
Total
Forward - 60:00
Defense - 60:00

Play by Play

1st period


0:01 of 1st period - Stephane Da Costa wins face-off versus Maxime Sauvé in neutral zone.
0:22 of 1st period - Icing by Bryan Young.
0:23 of 1st period - Tommy Wingels wins face-off versus Maxime Sauvé in Gangsters zone.
0:24 of 1st period - Wrist shot by Matt Frattin.
0:24 of 1st period - Stopped by Dustin Tokarski without a rebound.
0:25 of 1st period - Tomas Hertl wins face-off versus Shane Prince in Gangsters zone.
0:25 of 1st period - Tomas Hertl is hit by Logan Stephenson.
0:41 of 1st period - Wrist shot by Magnus Paajarvi-Svensson.
0:41 of 1st period - Stopped by Brad Thiessen without a rebound.
0:42 of 1st period - Tommy Wingels wins face-off versus Seth Griffith in Senators zone.
0:44 of 1st period - Minor Penalty to Tommy Wingels for Roughing.
0:45 of 1st period - Maxime Sauvé wins face-off versus Stephane Da Costa in Senators zone.
1:37 of 1st period - Wrist shot by Chris Bourque.
1:37 of 1st period - Shot Misses the Net.
1:59 of 1st period - Wrist shot by Maxime Sauvé.
1:59 of 1st period - Stopped by Brad Thiessen without a rebound.
2:00 of 1st period - Stephane Da Costa wins face-off versus Tomas Hertl in Senators zone.
2:44 of 1st period - Penalty to Tommy Wingels is over, Tommy Wingels is back on ice.
2:52 of 1st period - Slapshot by Patrick Bordeleau.
2:52 of 1st period - Shot Misses the Net.
3:00 of 1st period - Snap shot by Logan Stephenson.
3:00 of 1st period - Stopped by Dustin Tokarski with a rebound.
3:49 of 1st period - Slapshot by Matt Frattin.
3:49 of 1st period - Stopped by Dustin Tokarski without a rebound.
3:50 of 1st period - Tommy Wingels wins face-off versus Seth Griffith in Gangsters zone.
3:59 of 1st period - Snap shot by Tommy Wingels.
3:59 of 1st period - Shot Blocked by Dave Dziurzynski.
5:05 of 1st period - Wrist shot by Tomas Jurco.
5:05 of 1st period - Stopped by Dustin Tokarski without a rebound.
5:06 of 1st period - Stephane Da Costa wins face-off versus Maxime Sauvé in Gangsters zone.
5:57 of 1st period - Snap shot by Stephane Da Costa.
5:57 of 1st period - Stopped by Dustin Tokarski without a rebound.
5:58 of 1st period - Tommy Wingels wins face-off versus Tomas Hertl in Gangsters zone.
6:30 of 1st period - Slapshot by Tomas Hertl.
6:30 of 1st period - Stopped by Brad Thiessen without a rebound.
6:31 of 1st period - Shane Prince wins face-off versus Maxime Sauvé in Senators zone.
6:33 of 1st period - Minor Penalty to Dylan Blujus for Interference.
6:34 of 1st period - Maxime Sauvé wins face-off versus Stephane Da Costa in Senators zone.
6:46 of 1st period - Stephane Da Costa is hit by Richard Panik and loses puck.
8:00 of 1st period - Arturs Kulda is hit by Devante Smith-Pelly and loses puck.
8:33 of 1st period - Penalty to Dylan Blujus is over, Dylan Blujus is back on ice.
8:35 of 1st period - Snap shot by Stefan Noesen.
8:35 of 1st period - Stopped by Brad Thiessen without a rebound.
8:36 of 1st period - Phillip Danault wins face-off versus Tommy Wingels in Senators zone.
9:01 of 1st period - Brendan Woods is hit by Ryan Dzingel and loses puck.
9:20 of 1st period - Snap shot by Stefan Noesen.
9:20 of 1st period - Shot Misses the Net.
9:22 of 1st period - Snap shot by Dave Dziurzynski.
9:22 of 1st period - Shot Misses the Net.
9:24 of 1st period - Wrist shot by Dave Dziurzynski.
9:24 of 1st period - Shot Misses the Net.
9:40 of 1st period - Wrist shot by Maxime Sauvé.
9:40 of 1st period - Shot Misses the Net.
9:42 of 1st period - Wrist shot by Chris Bourque.
9:42 of 1st period - Shot Misses the Net.
10:00 of 1st period - Snap shot by Magnus Paajarvi-Svensson.
10:00 of 1st period - Shot Misses the Net.
10:02 of 1st period - Snap shot by Magnus Paajarvi-Svensson.
10:02 of 1st period - Stopped by Brad Thiessen without a rebound.
10:03 of 1st period - Stephane Da Costa wins face-off versus Maxime Sauvé in Senators zone.
10:12 of 1st period - Snap shot by Richard Panik.
10:12 of 1st period - Stopped by Brad Thiessen with a rebound.
10:51 of 1st period - Olli Maatta is hit by Michael Sdao and loses puck.
10:56 of 1st period - Snap shot by Kevin Roy.
10:56 of 1st period - Shot Misses the Net.
10:58 of 1st period - Slapshot by Morgan Ellis.
10:58 of 1st period - Stopped by Brad Thiessen without a rebound.
10:59 of 1st period - Stephane Da Costa wins face-off versus Maxime Sauvé in Senators zone.
11:06 of 1st period - Slapshot by Gabriel Bourque.
11:06 of 1st period - Shot Misses the Net.
11:14 of 1st period - Snap shot by Gabriel Bourque.
11:14 of 1st period - Shot Blocked by Maxime Sauvé.
11:34 of 1st period - Snap shot by Magnus Paajarvi-Svensson.
11:34 of 1st period - Stopped by Brad Thiessen with a rebound.
12:08 of 1st period - Snap shot by Stephane Da Costa.
12:08 of 1st period - Stopped by Dustin Tokarski with a rebound.
12:12 of 1st period - Snap shot by Chris Thorburn.
12:12 of 1st period - Goal by Chris Thorburn - Gangsters : 0 - Senators : 1.
12:13 of 1st period - Stephane Da Costa wins face-off versus Maxime Sauvé in neutral zone.
12:18 of 1st period - Snap shot by Chris Thorburn.
12:18 of 1st period - Shot Misses the Net.
12:38 of 1st period - Matt Delahey is hit by Logan Stephenson and loses puck.
12:51 of 1st period - Snap shot by Marc-André Bernier.
12:51 of 1st period - Deflect By Ryan Dzingel.
12:51 of 1st period - Stopped by Dustin Tokarski with a rebound.
13:26 of 1st period - Arturs Kulda is hit by Chris Bourque and loses puck.
13:43 of 1st period - Brett Ponich is hit by Arturs Kulda.
14:03 of 1st period - Snap shot by Dave Dziurzynski.
14:03 of 1st period - Goal by Dave Dziurzynski - Gangsters : 1 - Senators : 1.
14:04 of 1st period - Stephane Da Costa wins face-off versus Maxime Sauvé in neutral zone.
14:35 of 1st period - Minor Penalty to Bryan Young for Holding.
14:36 of 1st period - Chris Bourque wins face-off versus Stephane Da Costa in Gangsters zone.
15:08 of 1st period - Wrist shot by Gabriel Bourque.
15:08 of 1st period - Shot Misses the Net.
15:10 of 1st period - Snap shot by Matt Frattin.
15:10 of 1st period - Stopped by Dustin Tokarski without a rebound.
15:11 of 1st period - Tommy Wingels wins face-off versus Chris Bourque in Gangsters zone.
15:30 of 1st period - Snap shot by Tommy Wingels.
15:30 of 1st period - Shot Blocked by Chris Bourque.
15:32 of 1st period - Slapshot by Patrick Bordeleau.
15:32 of 1st period - Shot Misses the Net.
15:34 of 1st period - Slapshot by Jeff Petry.
15:34 of 1st period - Shot Blocked by Brett Ponich.
15:36 of 1st period - Snap shot by Tommy Wingels.
15:36 of 1st period - Goal by Tommy Wingels - Gangsters : 1 - Senators : 2.
15:37 of 1st period - Stephane Da Costa wins face-off versus Tomas Hertl in neutral zone.
15:44 of 1st period - Slapshot by Chris Thorburn.
15:44 of 1st period - Shot Blocked by Devante Smith-Pelly.
16:43 of 1st period - Off-side.
16:44 of 1st period - Zemgus Girgensons wins face-off versus Kevin Roy in neutral zone.
17:13 of 1st period - Snap shot by Stephane Da Costa.
17:13 of 1st period - Stopped by Dustin Tokarski without a rebound.
17:14 of 1st period - Maxime Sauvé wins face-off versus Stephane Da Costa in Gangsters zone.
17:14 of 1st period - Maxime Sauvé is hit by Stephane Da Costa.
17:26 of 1st period - Wrist shot by Chris Bourque.
17:26 of 1st period - Shot Blocked by Chris Thorburn.
17:28 of 1st period - Slapshot by Brett Ponich.
17:28 of 1st period - Deflect By Gabriel Bourque.
17:28 of 1st period - Stopped by Brad Thiessen with a rebound.
17:30 of 1st period - Slapshot by Michael Sdao.
17:30 of 1st period - Shot Blocked by Gabriel Bourque.
17:32 of 1st period - Wrist shot by Richard Panik.
17:32 of 1st period - Shot Misses the Net.
17:38 of 1st period - Chris Thorburn is hit by Maxime Sauvé.
17:42 of 1st period - Wrist shot by Chris Bourque.
17:42 of 1st period - Shot Misses the Net.
17:54 of 1st period - Snap shot by Gabriel Bourque.
17:54 of 1st period - Shot Blocked by Bryan Young.
17:56 of 1st period - Wrist shot by Stephane Da Costa.
17:56 of 1st period - Stopped by Dustin Tokarski with a rebound.
18:00 of 1st period - Snap shot by Gabriel Bourque.
18:00 of 1st period - Stopped by Dustin Tokarski with a rebound.
18:26 of 1st period - Snap shot by Gabriel Bourque.
18:26 of 1st period - Shot Misses the Net.
18:28 of 1st period - Snap shot by Dylan Blujus.
18:28 of 1st period - Deflect By Gabriel Bourque.
18:28 of 1st period - Shot Misses the Net.
18:28 of 1st period - Puck is out of play.
18:29 of 1st period - Tomas Hertl wins face-off versus Tommy Wingels in Gangsters zone.
18:40 of 1st period - Slapshot by Tommy Wingels.
18:40 of 1st period - Stopped by Dustin Tokarski with a rebound.
18:42 of 1st period - Snap shot by Ian Cole.
18:42 of 1st period - Stopped by Dustin Tokarski with a rebound.
18:44 of 1st period - Slapshot by Ian Cole.
18:44 of 1st period - Stopped by Dustin Tokarski with a rebound.
18:54 of 1st period - Arturs Kulda is hit by Dave Dziurzynski and loses puck.
18:59 of 1st period - Snap shot by Dave Dziurzynski.
18:59 of 1st period - Stopped by Brad Thiessen without a rebound.
19:00 of 1st period - Seth Griffith wins face-off versus Patrick Bordeleau in Senators zone.
19:01 of 1st period - Wrist shot by Dave Dziurzynski.
19:01 of 1st period - Stopped by Brad Thiessen without a rebound.
19:02 of 1st period - Tommy Wingels wins face-off versus Seth Griffith in Senators zone.
19:13 of 1st period - Dave Dziurzynski is hit by Matt Frattin and loses puck.
19:56 of 1st period - Snap shot by Brendan Woods.
19:56 of 1st period - Deflect By Kevin Roy.
19:56 of 1st period - Shot Blocked by Logan Stephenson.
19:56 of 1st period - Puck is out of play.
19:57 of 1st period - Maxime Sauvé wins face-off versus Stephane Da Costa in Senators zone.
0:00 of 2nd period - Minor Penalty to Chris Thorburn for Roughing.
Goals for this period are 1 for Gangsters vs 2 for Senators.
Shots for this period are 12 for Gangsters vs 16 for Senators.

2nd period


0:01 of 2nd period - Maxime Sauvé wins face-off versus Stephane Da Costa in neutral zone.
0:06 of 2nd period - Wrist shot by Chris Bourque.
0:06 of 2nd period - Stopped by Brad Thiessen with a rebound.
1:10 of 2nd period - Gabriel Bourque is hit by Chris Bourque and loses puck.
2:00 of 2nd period - Penalty to Chris Thorburn is over, Chris Thorburn is back on ice.
2:54 of 2nd period - Seth Griffith is hit by Zemgus Girgensons and loses puck.
4:10 of 2nd period - Magnus Paajarvi-Svensson is hit by Patrick Bordeleau.
4:49 of 2nd period - Snap shot by Magnus Paajarvi-Svensson.
4:49 of 2nd period - Shot Misses the Net.
5:03 of 2nd period - Wrist shot by Tomas Jurco.
5:03 of 2nd period - Stopped by Dustin Tokarski without a rebound.
5:04 of 2nd period - Maxime Sauvé wins face-off versus Zemgus Girgensons in Gangsters zone.
5:15 of 2nd period - Wrist shot by Chris Bourque.
5:15 of 2nd period - Deflect By Richard Panik.
5:15 of 2nd period - Stopped by Brad Thiessen with a rebound.
5:27 of 2nd period - Slapshot by Matt Frattin.
5:27 of 2nd period - Shot Misses the Net.
5:29 of 2nd period - Snap shot by Tommy Wingels.
5:29 of 2nd period - Deflect By Matt Frattin.
5:29 of 2nd period - Stopped by Dustin Tokarski with a rebound.
5:31 of 2nd period - Slapshot by Jeff Petry.
5:31 of 2nd period - Deflect By Patrick Bordeleau.
5:31 of 2nd period - Deflect By Tomas Hertl.
5:31 of 2nd period - Shot Blocked by Brett Ponich.
5:31 of 2nd period - Puck is out of play.
5:32 of 2nd period - Stephane Da Costa wins face-off versus Maxime Sauvé in Gangsters zone.
6:15 of 2nd period - Minor Penalty to Ian Cole for Slashing.
6:16 of 2nd period - Maxime Sauvé wins face-off versus Stephane Da Costa in Senators zone.
6:17 of 2nd period - Snap shot by Chris Bourque.
6:17 of 2nd period - Shot Blocked by Stephane Da Costa.
6:19 of 2nd period - Snap shot by Michael Sdao.
6:19 of 2nd period - Shot Misses the Net.
6:21 of 2nd period - Snap shot by Maxime Sauvé.
6:21 of 2nd period - Stopped by Brad Thiessen with a rebound.
6:23 of 2nd period - Snap shot by Michael Sdao.
6:23 of 2nd period - Shot Blocked by Dylan Blujus.
6:25 of 2nd period - Wrist shot by Maxime Sauvé.
6:25 of 2nd period - Shot Blocked by Dylan Blujus.
6:27 of 2nd period - Slapshot by Maxime Sauvé.
6:27 of 2nd period - Shot Blocked by Dylan Blujus.
6:29 of 2nd period - Slapshot by Maxime Sauvé.
6:29 of 2nd period - Goal by Maxime Sauvé - Gangsters : 2 - Senators : 2.
6:30 of 2nd period - Stephane Da Costa wins face-off versus Maxime Sauvé in neutral zone.
6:37 of 2nd period - Wrist shot by Stephane Da Costa.
6:37 of 2nd period - Goal by Stephane Da Costa - Gangsters : 2 - Senators : 3.
6:38 of 2nd period - Stephane Da Costa wins face-off versus Maxime Sauvé in neutral zone.
6:45 of 2nd period - Slapshot by Ian Cole.
6:45 of 2nd period - Stopped by Dustin Tokarski without a rebound.
6:46 of 2nd period - Gabriel Bourque wins face-off versus Maxime Sauvé in Gangsters zone.
6:55 of 2nd period - Maxime Sauvé is hit by Gabriel Bourque and loses puck.
7:16 of 2nd period - Snap shot by Stephane Da Costa.
7:16 of 2nd period - Shot Blocked by Richard Panik.
7:25 of 2nd period - Off-side.
7:26 of 2nd period - Tommy Wingels wins face-off versus Tomas Hertl in neutral zone.
7:48 of 2nd period - Minor Penalty to Brett Ponich for Holding.
7:49 of 2nd period - Stephane Da Costa wins face-off versus Chris Bourque in Gangsters zone.
9:48 of 2nd period - Penalty to Brett Ponich is over, Brett Ponich is back on ice.
9:50 of 2nd period - Magnus Paajarvi-Svensson is hit by Logan Stephenson and loses puck.
10:01 of 2nd period - Michael Sdao is hit by Logan Stephenson and loses puck.
10:35 of 2nd period - Snap shot by Ryan Dzingel.
10:35 of 2nd period - Shot Blocked by Brendan Woods.
10:45 of 2nd period - Wrist shot by Dave Dziurzynski.
10:45 of 2nd period - Stopped by Brad Thiessen without a rebound.
10:46 of 2nd period - Seth Griffith wins face-off versus Zemgus Girgensons in Senators zone.
10:55 of 2nd period - Snap shot by Seth Griffith.
10:55 of 2nd period - Shot Misses the Net.
10:57 of 2nd period - Slapshot by Bryan Young.
10:57 of 2nd period - Shot Blocked by Keegan Lowe.
10:59 of 2nd period - Wrist shot by Seth Griffith.
10:59 of 2nd period - Shot Misses the Net.
11:11 of 2nd period - Matt Delahey is hit by Tommy Wingels and loses puck.
12:20 of 2nd period - Devante Smith-Pelly is hit by Olli Maatta.
12:57 of 2nd period - Jonas Brodin is hit by Gabriel Bourque.
13:01 of 2nd period - Arturs Kulda is hit by Derrick Pouliot.
13:06 of 2nd period - Minor Penalty to Shane Prince for Interference.
13:07 of 2nd period - Stephane Da Costa wins face-off versus Maxime Sauvé in Senators zone.
13:33 of 2nd period - Gabriel Bourque is hit by Matt Delahey and loses puck.
15:06 of 2nd period - Penalty to Shane Prince is over, Shane Prince is back on ice.
15:23 of 2nd period - Slapshot by Zemgus Girgensons.
15:23 of 2nd period - Deflect By Brett Ponich.
15:23 of 2nd period - Shot Blocked by Michael Sdao.
15:23 of 2nd period - Puck is out of play.
15:24 of 2nd period - Zemgus Girgensons wins face-off versus Seth Griffith in Gangsters zone.
15:30 of 2nd period - Wrist shot by Tomas Jurco.
15:30 of 2nd period - Shot Misses the Net.
15:32 of 2nd period - Slapshot by Olli Maatta.
15:32 of 2nd period - Stopped by Dustin Tokarski with a rebound.
15:40 of 2nd period - Snap shot by Seth Griffith.
15:40 of 2nd period - Shot Misses the Net.
15:51 of 2nd period - Off-side.
15:52 of 2nd period - Kevin Roy wins face-off versus Tommy Wingels in neutral zone.
16:17 of 2nd period - Ian Cole is hit by Chris Bourque and loses puck.
16:32 of 2nd period - Tomas Hertl is hit by Jeff Petry and loses puck.
16:43 of 2nd period - Snap shot by Devante Smith-Pelly.
16:43 of 2nd period - Stopped by Brad Thiessen without a rebound.
16:44 of 2nd period - Maxime Sauvé wins face-off versus Tommy Wingels in Senators zone.
16:47 of 2nd period - Wrist shot by Maxime Sauvé.
16:47 of 2nd period - Stopped by Brad Thiessen with a rebound.
16:49 of 2nd period - Slapshot by Richard Panik.
16:49 of 2nd period - Shot Blocked by Arturs Kulda.
16:51 of 2nd period - Slapshot by Michael Sdao.
16:51 of 2nd period - Deflect By Chris Bourque.
16:51 of 2nd period - Stopped by Brad Thiessen with a rebound.
16:53 of 2nd period - Slapshot by Brett Ponich.
16:53 of 2nd period - Stopped by Brad Thiessen with a rebound.
16:55 of 2nd period - Snap shot by Chris Bourque.
16:55 of 2nd period - Shot Misses the Net.
17:58 of 2nd period - Wrist shot by Ryan Dzingel.
17:58 of 2nd period - Shot Misses the Net.
18:00 of 2nd period - Slapshot by Ryan Dzingel.
18:00 of 2nd period - Stopped by Dustin Tokarski with a rebound.
18:02 of 2nd period - Slapshot by Dylan Blujus.
18:02 of 2nd period - Deflect By Jonas Brodin.
18:02 of 2nd period - Stopped by Dustin Tokarski without a rebound.
18:03 of 2nd period - Maxime Sauvé wins face-off versus Tommy Wingels in Gangsters zone.
18:10 of 2nd period - Wrist shot by Matt Frattin.
18:10 of 2nd period - Shot Misses the Net.
18:30 of 2nd period - Slapshot by Ian Cole.
18:30 of 2nd period - Stopped by Dustin Tokarski without a rebound.
18:31 of 2nd period - Shane Prince wins face-off versus Tomas Hertl in Gangsters zone.
18:32 of 2nd period - Wrist shot by Marc-André Bernier.
18:32 of 2nd period - Stopped by Dustin Tokarski with a rebound.
19:06 of 2nd period - Snap shot by Brett Ponich.
19:06 of 2nd period - Shot Misses the Net.
19:16 of 2nd period - Snap shot by Chris Bourque.
19:16 of 2nd period - Deflect By Maxime Sauvé.
19:16 of 2nd period - Goal by Maxime Sauvé - Gangsters : 3 - Senators : 3.
19:17 of 2nd period - Maxime Sauvé wins face-off versus Stephane Da Costa in neutral zone.
19:31 of 2nd period - Slapshot by Matt Delahey.
19:31 of 2nd period - Stopped by Brad Thiessen with a rebound.
19:33 of 2nd period - Snap shot by Chris Bourque.
19:33 of 2nd period - Stopped by Brad Thiessen with a rebound.
19:39 of 2nd period - Minor Penalty to Logan Stephenson for Holding.
19:40 of 2nd period - Maxime Sauvé wins face-off versus Stephane Da Costa in Senators zone.
Goals for this period are 2 for Gangsters vs 1 for Senators.
Shots for this period are 12 for Gangsters vs 9 for Senators.

3rd period


0:01 of 3rd period - Stephane Da Costa wins face-off versus Maxime Sauvé in neutral zone.
0:10 of 3rd period - Slapshot by Stephane Da Costa.
0:10 of 3rd period - Shot Misses the Net.
1:39 of 3rd period - Penalty to Logan Stephenson is over, Logan Stephenson is back on ice.
2:43 of 3rd period - Slapshot by Dave Dziurzynski.
2:43 of 3rd period - Stopped by Brad Thiessen without a rebound.
2:44 of 3rd period - Tommy Wingels wins face-off versus Chris Bourque in Senators zone.
2:50 of 3rd period - Off-side.
2:51 of 3rd period - Tommy Wingels wins face-off versus Maxime Sauvé in neutral zone.
2:58 of 3rd period - Wrist shot by Patrick Bordeleau.
2:58 of 3rd period - Stopped by Dustin Tokarski with a rebound.
3:00 of 3rd period - Wrist shot by Jeff Petry.
3:00 of 3rd period - Stopped by Dustin Tokarski without a rebound.
3:01 of 3rd period - Maxime Sauvé wins face-off versus Stephane Da Costa in Gangsters zone.
3:33 of 3rd period - Slapshot by Tomas Hertl.
3:33 of 3rd period - Goal by Tomas Hertl - Gangsters : 4 - Senators : 3.
3:34 of 3rd period - Stephane Da Costa wins face-off versus Maxime Sauvé in neutral zone.
4:04 of 3rd period - Snap shot by Matt Frattin.
4:04 of 3rd period - Shot Blocked by Tomas Hertl.
4:06 of 3rd period - Wrist shot by Patrick Bordeleau.
4:06 of 3rd period - Stopped by Dustin Tokarski without a rebound.
4:07 of 3rd period - Tommy Wingels wins face-off versus Maxime Sauvé in Gangsters zone.
4:08 of 3rd period - Wrist shot by Matt Frattin.
4:08 of 3rd period - Shot Blocked by Michael Sdao.
4:10 of 3rd period - Snap shot by Tommy Wingels.
4:10 of 3rd period - Stopped by Dustin Tokarski with a rebound.
4:21 of 3rd period - Off-side.
4:22 of 3rd period - Tomas Hertl wins face-off versus Stephane Da Costa in neutral zone.
4:24 of 3rd period - Off-side.
4:25 of 3rd period - Tomas Hertl wins face-off versus Stephane Da Costa in neutral zone.
4:32 of 3rd period - Ian Cole is hit by Devante Smith-Pelly and loses puck.
4:36 of 3rd period - Minor Penalty to Stephane Da Costa for Interference.
4:37 of 3rd period - Maxime Sauvé wins face-off versus Jarrod Maidens in Senators zone.
5:18 of 3rd period - Wrist shot by Magnus Paajarvi-Svensson.
5:18 of 3rd period - Stopped by Brad Thiessen with a rebound.
6:36 of 3rd period - Penalty to Stephane Da Costa is over, Stephane Da Costa is back on ice.
6:36 of 3rd period - Matt Delahey is hit by Chris Thorburn.
7:19 of 3rd period - Wrist shot by Dave Dziurzynski.
7:19 of 3rd period - Stopped by Brad Thiessen without a rebound.
7:20 of 3rd period - Zemgus Girgensons wins face-off versus Seth Griffith in Senators zone.
8:08 of 3rd period - Wrist shot by Matt Frattin.
8:08 of 3rd period - Stopped by Dustin Tokarski with a rebound.
8:10 of 3rd period - Snap shot by Tommy Wingels.
8:10 of 3rd period - Shot Blocked by Chris Bourque.
8:12 of 3rd period - Snap shot by Olli Maatta.
8:12 of 3rd period - Stopped by Dustin Tokarski without a rebound.
8:13 of 3rd period - Tommy Wingels wins face-off versus Maxime Sauvé in Gangsters zone.
8:44 of 3rd period - Off-side.
8:45 of 3rd period - Stephane Da Costa wins face-off versus Tomas Hertl in neutral zone.
10:00 of 3rd period - Slapshot by Dave Dziurzynski.
10:00 of 3rd period - Stopped by Brad Thiessen with a rebound.
10:02 of 3rd period - Snap shot by Morgan Ellis.
10:02 of 3rd period - Deflect By Seth Griffith.
10:02 of 3rd period - Goal by Seth Griffith - Gangsters : 5 - Senators : 3.
10:03 of 3rd period - Stephane Da Costa wins face-off versus Maxime Sauvé in neutral zone.
11:38 of 3rd period - Icing by Jeff Petry.
11:39 of 3rd period - Stephane Da Costa wins face-off versus Kevin Roy in Senators zone.
11:50 of 3rd period - Slapshot by Jonas Brodin.
11:50 of 3rd period - Shot Misses the Net.
11:52 of 3rd period - Snap shot by Brendan Woods.
11:52 of 3rd period - Deflect By Gabriel Bourque.
11:52 of 3rd period - Stopped by Brad Thiessen with a rebound.
11:54 of 3rd period - Wrist shot by Morgan Ellis.
11:54 of 3rd period - Shot Misses the Net.
12:31 of 3rd period - Wrist shot by Ryan Dzingel.
12:31 of 3rd period - Stopped by Dustin Tokarski with a rebound.
12:33 of 3rd period - Wrist shot by Marc-André Bernier.
12:33 of 3rd period - Shot Misses the Net.
12:35 of 3rd period - Slapshot by Jeff Petry.
12:35 of 3rd period - Shot Blocked by Matt Delahey.
12:49 of 3rd period - Wrist shot by Maxime Sauvé.
12:49 of 3rd period - Stopped by Brad Thiessen with a rebound.
12:51 of 3rd period - Snap shot by Chris Bourque.
12:51 of 3rd period - Shot Blocked by Tomas Jurco.
12:53 of 3rd period - Snap shot by Matt Delahey.
12:53 of 3rd period - Stopped by Brad Thiessen without a rebound.
12:54 of 3rd period - Tomas Hertl wins face-off versus Stephane Da Costa in Senators zone.
13:01 of 3rd period - Snap shot by Tomas Hertl.
13:01 of 3rd period - Goal by Tomas Hertl - Gangsters : 6 - Senators : 3.
13:02 of 3rd period - Maxime Sauvé wins face-off versus Chris Thorburn in neutral zone.
13:06 of 3rd period - Minor Penalty to Arturs Kulda for Roughing.
13:07 of 3rd period - Stephane Da Costa wins face-off versus Maxime Sauvé in Senators zone.
13:19 of 3rd period - Wrist shot by Richard Panik.
13:19 of 3rd period - Shot Misses the Net.
13:21 of 3rd period - Backhand shot by Richard Panik.
13:21 of 3rd period - Goal by Richard Panik - Gangsters : 7 - Senators : 3.
13:22 of 3rd period - Maxime Sauvé wins face-off versus Chris Thorburn in neutral zone.
13:30 of 3rd period - Icing by Ian Cole.
13:31 of 3rd period - Maxime Sauvé wins face-off versus Stephane Da Costa in Senators zone.
13:46 of 3rd period - Slapshot by Stephane Da Costa.
13:46 of 3rd period - Stopped by Dustin Tokarski with a rebound.
13:48 of 3rd period - Wrist shot by Gabriel Bourque.
13:48 of 3rd period - Shot Misses the Net.
13:50 of 3rd period - Slapshot by Arturs Kulda.
13:50 of 3rd period - Shot Hit the Post.
13:52 of 3rd period - Slapshot by Gabriel Bourque.
13:52 of 3rd period - Shot Misses the Net.
14:04 of 3rd period - Snap shot by Maxime Sauvé.
14:04 of 3rd period - Stopped by Brad Thiessen with a rebound.
14:14 of 3rd period - Snap shot by Stephane Da Costa.
14:14 of 3rd period - Shot Misses the Net.
14:33 of 3rd period - Wrist shot by Gabriel Bourque.
14:33 of 3rd period - Shot Misses the Net.
14:35 of 3rd period - Slapshot by Arturs Kulda.
14:35 of 3rd period - Deflect By Chris Thorburn.
14:35 of 3rd period - Shot Misses the Net.
14:35 of 3rd period - Puck is out of play.
14:36 of 3rd period - Tommy Wingels wins face-off versus Tomas Hertl in Gangsters zone.
14:37 of 3rd period - Slapshot by Matt Frattin.
14:37 of 3rd period - Shot Blocked by Brett Ponich.
14:42 of 3rd period - Off-side.
14:43 of 3rd period - Tomas Hertl wins face-off versus Tommy Wingels in neutral zone.
15:55 of 3rd period - Snap shot by Brett Ponich.
15:55 of 3rd period - Shot Hit the Post.
15:57 of 3rd period - Slapshot by Brett Ponich.
15:57 of 3rd period - Shot Misses the Net.
16:31 of 3rd period - Snap shot by Brendan Woods.
16:31 of 3rd period - Stopped by Brad Thiessen with a rebound.
16:33 of 3rd period - Slapshot by Brendan Woods.
16:33 of 3rd period - Stopped by Brad Thiessen with a rebound.
16:53 of 3rd period - Slapshot by Brett Ponich.
16:53 of 3rd period - Deflect By Sebastian Collberg.
16:53 of 3rd period - Shot Blocked by Matt Frattin.
16:53 of 3rd period - Puck is out of play.
16:54 of 3rd period - Stephane Da Costa wins face-off versus Maxime Sauvé in Senators zone.
16:54 of 3rd period - Stephane Da Costa is hit by Maxime Sauvé.
17:25 of 3rd period - Magnus Paajarvi-Svensson is hit by Marc-André Bernier and loses puck.
17:46 of 3rd period - Seth Griffith is hit by Phil Di Giuseppe and loses puck.
18:11 of 3rd period - Bryan Young is hit by Shane Prince and loses puck.
18:49 of 3rd period - Off-side.
18:50 of 3rd period - Tomas Hertl wins face-off versus Stephane Da Costa in neutral zone.
19:22 of 3rd period - Snap shot by Matt Frattin.
19:22 of 3rd period - Shot Misses the Net.
19:24 of 3rd period - Slapshot by Dylan Blujus.
19:24 of 3rd period - Stopped by Dustin Tokarski without a rebound.
19:25 of 3rd period - Stephane Da Costa wins face-off versus Seth Griffith in Gangsters zone.
19:49 of 3rd period - Off-side.
19:50 of 3rd period - Zemgus Girgensons wins face-off versus Tomas Hertl in neutral zone.
Goals for this period are 4 for Gangsters vs 0 for Senators.
Shots for this period are 14 for Gangsters vs 9 for Senators.